 Dungeon Crawl Stone Soup version 0.26-a0-812-g31a745ddcd (webtiles) character file.

Game seed: 4589955431401925981

2735 Apogee the Basher (level 9, -3/73 HPs)
             Began as a Human Berserker on Nov 23, 2020.
             Was an Elder of Trog.
             Slain by an orc warrior
             ... wielding a +0 scimitar
              (16 damage)
             ... on level 7 of the Dungeon.
             The game lasted 00:09:59 (8635 turns).

Apogee the Basher (Human Berserker)                 Turns: 8635, Time: 00:09:59

Health: -3/73      AC: 13    Str: 21    XL:     9   Next: 99%
Magic:  9/9        EV:  7    Int:  7    God:    Trog [****..]
Gold:   422        SH:  0    Dex: 13    Spells: 8/8 levels left

rFire    . . .     SeeInvis .   a - +0 mace
rCold    . . .     Faith    +   (no shield)
rNeg     . . .     Spirit   .   B - +0 plate armour
rPois    .         Reflect  .   (no helmet)
rElec    .         Harm     .   l - scarf {+Inv}
rCorr    .         Rampage  .   (no gloves)
MR       .....                  C - +0 pair of boots
Stlth    ..........             f - amulet of faith {!P}
HPRegen  0.22/turn              (no ring)
MPRegen  0.11/turn              (no ring)

@: berserk cooldown, slowed, very slow
A: no striking features
a: Berserk, Trog's Hand, Brothers in Arms, Renounce Religion, Evoke Invisibility


You were on level 7 of the Dungeon.
You worshipped Trog.
Trog was greatly pleased with you.
You visited 1 branch of the dungeon, and saw 8 of its levels.

You collected 422 gold pieces.

Inventory:

Hand Weapons
 a - a +0 mace (weapon)
 o - a +0 flail of holy wrath
   (You took it off a goblin on level 2 of the Dungeon)
Missiles
 p - 79 poisoned darts (quivered)
Armour
 l - a scarf of invisibility (worn)
   (You found it on level 2 of the Dungeon)
 B - a +0 plate armour (worn)
   (You found it on level 4 of the Dungeon)
 C - a +0 pair of boots (worn)
   (You found it on level 4 of the Dungeon)
Jewellery
 f - an amulet of faith (around neck) {!P}
   (You found it on level 1 of the Dungeon)
 A - an uncursed amulet of reflection {unknown}
   (You found it on level 4 of the Dungeon)
 F - a cursed ring of teleportation {unknown}
   (You found it on level 6 of the Dungeon)
 I - an uncursed amulet of regeneration {unknown}
   (You found it on level 7 of the Dungeon)
Wands
 t - a wand of flame (5)
   (You took it off Natasha on level 2 of the Dungeon)
 v - a wand of digging (4)
   (You took it off Sigmund on level 2 of the Dungeon)
Scrolls
 c - 6 scrolls of identify {@r1}
 e - 2 scrolls of remove curse {@r2}
 h - 3 scrolls of enchant weapon {unknown}
 j - 2 scrolls of immolation {unknown}
 m - 3 scrolls of magic mapping {unknown}
 n - 2 scrolls of random uselessness {unknown}
 q - 2 scrolls of fear {unknown}
 s - 6 scrolls of teleportation {unknown}
 w - a scroll of fog {unknown}
 y - a scroll of noise {unknown}
 D - 2 scrolls of amnesia {unknown}
 H - 3 scrolls of blinking {unknown}
Potions
 b - a potion of flight {unknown}
 d - a potion of lignification {unknown}
 g - 2 potions of brilliance {unknown}
 i - 5 potions of cancellation {unknown}
 r - a potion of invisibility {unknown}
 u - a potion of magic {unknown}
 x - a potion of resistance {unknown}
 z - a potion of ambrosia {unknown}
 E - a potion of curing {@q1}
 G - a potion of might {unknown}


   Skills:
 + Level 7.7 Fighting
 + Level 9.7 Maces & Flails
 * Level 5.9 Armour
 - Level 2.0 Dodging


You had 8 spell levels left.
You didn't know any spells.
Your spell library was empty.

Dungeon Overview and Level Annotations

Branches:
Dungeon (8/15)             Temple (0/1) D:4
   Lair: D:8-11

Altars:
Elyvilon
Hepliaklqana
Kikubaaqudgha
Ru
Zin
The Shining One

Annotations:
D:4 2 transporters, Finra's ghost, amateur MiFi


Message History

It was a potion of heal wounds.
You feel much better. The orc warrior closely misses you.
The orc priest calls down the wrath of Beogh upon you.
Beogh smites you!
* * * LOW HITPOINT WARNING * * *
The orc warrior hits you but does no damage.
The orc warrior hits you with a +0 scimitar!
* * * LOW HITPOINT WARNING * * *
You feel much better.
The orc warrior hits you with a +0 scimitar!
* * * LOW HITPOINT WARNING * * *
The orc priest hits you but does no damage.
There is a stone staircase leading up, spattered with blood here.
Unknown command.
The orc warrior hits you but does no damage.
The orc priest barely misses you.
The orc priest hits you but does no damage.
The orc warrior closely misses you.
The orc hits you with a +0 war axe of venom.
* * * LOW HITPOINT WARNING * * *
You are poisoned.
You climb upwards.
You feel sick.
There is a stone staircase leading down here.
You feel much better.
You feel sick.
The orc priest hits you but does no damage.
The orc warrior hits you with a +0 scimitar!
* * * LOW HITPOINT WARNING * * *
You feel much better.
You feel sick.
The orc priest mumbles some strange prayers to Beogh against you.
Pain shoots through your body!
* * * LOW HITPOINT WARNING * * *
The orc warrior hits you with a +0 scimitar.
* * * LOW HITPOINT WARNING * * *
The orc priest invokes the aid of Beogh against you.
Beogh smites you!
* * * LOW HITPOINT WARNING * * *
You feel sick.
The orc warrior hits you with a +0 scimitar!
* * * LOW HITPOINT WARNING * * *
You feel better. The orc priest barely misses you.
The orc priest hits you but does no damage.
The orc warrior barely misses you.
Unknown command.
Unknown command.
The orc priest mumbles some strange prayers to Beogh against you.
Pain shoots through your body!
* * * LOW HITPOINT WARNING * * *
The orc priest begins to cast a cantrip, but forgets the words!
The orc warrior hits you with a +0 scimitar!
You die...

#.#.#.####)## #.#.#
#.#.#.###...## #.#.#
##.#..#.#.....####.#.######
##....###†.................#
#.....# ##.....####..#####.#
##....###.#...## ##...####.#
##....#....### #.....#....
##.##)###.# ##...##...#
#.##.# #@# ####.###.###
#.##.###o# #...........
#.##....o#####....###.###
#.....>).:.....#### #.# #
#######[.#####.######.# #
#...............# #
#.###...........# #.#
#.##.#####..# #.#
#.##.#####..#


You could see an orc warrior and an orc priest.

Vanquished Creatures
  Grinder (D:3)
  Sigmund (D:2)
  A water moccasin (D:5)
  2 sky beasts
  A black bear (D:7)
  A necrophage (D:5)
  2 ogres
  2 centaurs
  Dowan (D:7)
  A water moccasin zombie (D:6)
  2 howler monkeys
  A bullfrog zombie (D:7)
  2 hounds
  An orc priest (D:4)
  3 orc wizards
  4 iguanas
  Jessica (D:3)
  2 bullfrog skeletons
  Natasha (thrice) (D:2)
  6 worker ants
  7 adders
  9 gnolls
  A river rat (D:3)
  A shadow imp (D:5)
  A white imp (D:6)
  3 ufetubi
  An adder skeleton (D:8)
  3 worms
  5 dart slugs
  3 leopard geckos
  14 orcs
  A ball python (D:1)
  6 giant cockroaches
  5 hobgoblins
  16 jackals
  3 quokkas
  4 bats
  4 frilled lizards
  A giant cockroach zombie (D:4)
  9 goblins
  5 kobolds
  A quokka zombie (D:7)
  10 rats
151 creatures vanquished.

Vanquished Creatures (collateral kills)
  A hydra (D:7)
  Duvessa (D:7)
  A hornet zombie (D:7)
  A bullfrog zombie (D:7)
  An orc wizard (D:6)
  2 orcs
  A jackal (D:7)
8 creatures vanquished.

Vanquished Creatures (others)
  A plant (D:4)
1 creature vanquished.

Grand Total: 160 creatures vanquished

Notes
Turn   | Place    | Note
-------+----------+-------------------------------------------
     0 | D:1      | Apogee the Human Berserker began the quest for the Orb.
     0 | D:1      | Reached XP level 1. HP: 18/18 MP: 1/1
   352 | D:1      | Reached XP level 2. HP: 24/24 MP: 2/2
   850 | D:1      | You fall into a shaft and drop 1 floor!
   930 | D:2      | Reached XP level 3. HP: 29/29 MP: 3/3
  1267 | D:2      | Reached ** piety under Trog
  1269 | D:2      | Reached skill level 4 in Maces & Flails
  1512 | D:2      | Reached XP level 4. HP: 35/35 MP: 4/4
  1597 | D:2      | Found a glowing golden altar of the Shining One.
  1706 | D:2      | Noticed Natasha
  1712 | D:2      | Killed Natasha
  1932 | D:2      | Noticed Sigmund
  1950 | D:2      | Killed Sigmund
  1950 | D:2      | Reached skill level 5 in Maces & Flails
  1950 | D:2      | Reached XP level 5. HP: 43/43 MP: 5/5
  1950 | D:2      | Reached XP level 6. HP: 49/49 MP: 6/6
  2119 | D:2      | Noticed Natasha
  2126 | D:2      | Killed Natasha
  2196 | D:2      | Noticed Natasha
  2206 | D:2      | Killed Natasha
  2701 | D:3      | HP: 2/49 [poisoned by a hobgoblin]
  3011 | D:3      | Reached skill level 6 in Maces & Flails
  3091 | D:3      | Found a white marble altar of Elyvilon.
  3166 | D:3      | Reached *** piety under Trog
  3459 | D:3      | Noticed Jessica
  3469 | D:3      | Killed Jessica
  3552 | D:3      | Noticed Grinder
  3583 | D:3      | Killed Grinder
  3583 | D:3      | Reached skill level 5 in Fighting
  3583 | D:3      | Reached XP level 7. HP: 56/56 MP: 7/7
  4242 | D:4      | Reached skill level 7 in Maces & Flails
  4351 | D:4      | Found a staircase to the Ecumenical Temple.
  4542 | D:4      | Reached XP level 8. HP: 64/64 MP: 8/8
  4652 | D:4      | Noticed Finra's ghost (amateur MiFi)
  4657 | D:4      | Found a transporter.
  4660 | D:4      | Found a transporter.
  4712 | D:4      | Found a hazy altar of Hepliaklqana.
  4850 | D:4      | Reached **** piety under Trog
  4950 | D:4      | Found a sacrificial altar of Ru.
  5233 | D:5      | Entered Level 5 of the Dungeon
  5246 | D:5      | Reached skill level 8 in Maces & Flails
  5987 | D:5      | Found a glowing silver altar of Zin.
  5988 | D:5      | Noticed an angel
  6265 | D:6      | Reached skill level 9 in Maces & Flails
  6273 | D:6      | Reached XP level 9. HP: 60/69 MP: 9/9
  7699 | D:7      | Noticed Dowan
  7719 | D:7      | Noticed Duvessa
  7721 | D:7      | Killed Dowan
  7736 | D:7      | Killed Duvessa
  8028 | D:7      | Reached skill level 5 in Armour
  8104 | D:7      | Found an ancient bone altar of Kikubaaqudgha.
  8437 | D:8      | Noticed a five-headed hydra
  8463 | D:7      | Killed a five-headed hydra
  8635 | D:7      | Slain by an orc warrior

Illustrated notes

Levels and vault maps discovered:
D:1:      psy_arrival_whirlpool, layout_basic
D:2:      layout_loops_corners, nicolae_tso_swordbearing_angel, uniq_sigmund,
          uniq_natasha
D:3:      layout_basic, portal_sewer_entry_a, serial_rivers,
          chequers_serial_rivers_micro_d, chequers_serial_rivers_small_3,
          chequers_serial_rivers_micro_e, chequers_serial_rivers_marsh,
          chequers_serial_rivers_micro_a, elyvilon_altar_1, uniq_jessica,
          uniq_grinder
D:4:      layout_loops_ring, overflow_temple_1_default,
          minmay_temple_entry_overgrown, gammafunk_ghost_arena,
          grunt_ministairs_9, kennysheep_cross_bottleneck,
          minmay_misc_feat_pillars, nicolae_ru_great_annihilating_truth
D:5:      layout_loops_ring, zin_angel
D:6:      layout_basic
D:7:      layout_loops_ring, basic_altar, uniq_duvessa
D:8:      minmay_the_grid_octo_triangle [minmay_the_grid_octo_77,
          minmay_the_grid_octo_prize_single_spiral, minmay_the_grid_octo_teeth],
          layout_loops_ring, uniq_joseph, uniq_erica, uniq_prince_ribbit1

Skill      XL: |  1  2  3  4  5  6  7  8  9 |
---------------+----------------------------+-----
Maces & Flails | 4 5 6 7 9 |  9.7
Fighting       | 4 5 6 7 |  7.7
Armour         | 5 |  5.9
Dodging        | |  2.0

Action                   |  1- 3 |  4- 6 |  7- 9 || total
-------------------------+-------+-------+-------++-------
Melee: Mace              |    97 |   145 |   420 ||   662
Invok: Berserk           |     2 |     5 |     7 ||    14
       Brothers in Arms  |       |       |     3 ||     3
       Trog's Hand       |       |       |     1 ||     1
  Use: Scroll            |       |       |     2 ||     2
       Potion            |       |       |     6 ||     6
 Stab: Distracted        |       |       |     1 ||     1
Armor: Animal skin       |     6 |       |       ||     6
       Scale mail        |    18 |       |       ||    18
       Chain mail        |    37 |    71 |    50 ||   158
       Plate armour      |       |       |   220 ||   220
Dodge: Dodged            |    68 |    60 |   151 ||   279

Table legend: (Time is in decaauts)
 A = Elapsed time spent in this place.
 B = Non-inter-level travel time spent in this place.
 C = Inter-level travel time spent in this place.
 D = Time resting spent in this place.
 E = Time spent auto-exploring this place.
 F = Levels seen in this place.
 G = Mean time per level.
                   A        B        C        D        E       F      G
               +--------+--------+--------+--------+--------+-----+--------+
         Total |   8791 |   8437 |    354 |   1143 |   5967 |   8 | 1098.9 |
       Dungeon |   8791 |   8437 |    354 |   1143 |   5967 |   8 | 1098.9 |
               +--------+--------+--------+--------+--------+-----+--------+

Top non-repeatable levels by time:
     D:3: 1748 daAuts
     D:2: 1461 daAuts
     D:7: 1359 daAuts
     D:1: 1126 daAuts
     D:4: 1023 daAuts
     D:6: 1018 daAuts
     D:5: 990 daAuts
     D:8: 63 daAuts
